[Event "*** Titled Tuesday Blitz"]
[Site "Chess.com"]
[Date "2020.12.29"]
[Round "1"]
[White "pedromartinez91"]
[Black "Parhamov"]
[Result "1-0"]
[WhiteElo "2486"]
[BlackElo "2938"]
[TimeControl "180+1"]
[EndTime "10:05:42 PST"]
[Termination "pedromartinez91 won by resignation"]

1. e4 c5 2. Nf3 d6 3. d4 cxd4 4. Nxd4 Nf6 5. Nc3 Nc6 6. Bg5 e6 7. Qd2 a6 8. O-O-O Bd7 9. f4 Be7 10. Nf3 b5 11. Bd3 Rc8 12. Kb1 h6 13. Bh4 O-O 14. g4 b4 15. Ne2 d5 16. Bxf6 Bxf6 17. e5 Be7 18. g5 h5 19. g6 fxg6 20. Rhg1 Be8 21. Bxg6 Na5 22. Ned4 Nc4 23. Qg2 Bxg6 24. Qxg6 Rf7 25. f5 Na3+ 26. bxa3 bxa3 27. fxe6 Qb6+ 28.
Nb3 1-0

[Event "*** Titled Tuesday Blitz"]
[Site "Chess.com"]
[Date "2020.12.29"]
[Round "1"]
[White "FlySooHigh"]
[Black "Blue_Ratatoeskr"]
[Result "1-0"]
[WhiteElo "2647"]
[BlackElo "2337"]
[TimeControl "180+1"]
[EndTime "10:05:43 PST"]
[Termination "FlySooHigh won by resignation"]

1. e4 e6 2. d4 d5 3. e5 c5 4. c3 Nc6 5. Nf3 Bd7 6. Be2 Nge7 7. Na3 cxd4 8. cxd4 Ng6 9. Nc2 Be7 10. g3 O-O 11.
h4 f6 12. h5 Nh8 13. Bf4 Nf7 14. Qd2 fxe5 15. dxe5 Qb6 16. Rb1 Rac8 17. O-O a5 18. Bd3 Nb4 19. Nxb4 Bxb4 20. Qe2 a4 21. Rbc1 Bc5 22.
Bb1 Bb5 23. Qc2 Bxf2+ 24. Qxf2 Qxf2+ 25. Rxf2 Rxc1+ 26. Bxc1 Rc8 27. Bf4 h6 28. Nd4 Bd7 29. Rc2 1-0

[Event "*** Titled Tuesday Blitz"]
[Site "Chess.com"]
[Date "2020.12.29"]
[Round "1"]
[White "Karateloru"]
[Black "volkanyirik"]
[Result "1-0"]
[WhiteElo "2746"]
[BlackElo "2400"]
[TimeControl "180+1"]
[EndTime "10:05:45 PST"]
[Termination "Karateloru won by resignation"]

1. e4 c5 2. Nf3 d6 3. c3 Nf6 4. h3 g6 5. Bb5+ Bd7 6. Bxd7+ Nbxd7 7. d3 Bg7 8. O-O O-O 9. Nbd2 b5 10. Re1 a5 11. d4 e5 12. d5 c4 13. a4 Qb6 14.
axb5 Qxb5 15. Qa4 Qxa4 16. Rxa4 Nc5 17. Rxc4 Rfb8 18. Rd1 Nd3 19. b3 Bh6 20. Ba3 Ra6 21.
g3 Kg7 22. Kf1 a4 23. Rxa4 Rxa4 24. bxa4 Ra8 25. Ke2 Rxa4 26. Bxd6 Nb2 27. Rb1 Ra2 28. Bxe5 Nc4 29. Bxf6+ Kxf6 30. Rd1 Nb2 31. e5+ Kg7 32.
c4 Nxc4 33. d6 Nb2 34. d7 Ra8 35. Rb1 Rd8 36. Rxb2 Rxd7 37. Ne4 Ra7 1-0

[Event "*** Titled Tuesday Blitz"]
[Site "Chess.com"]
[Date "2020.12.29"]
[Round "1"]
[White "GM_dmitrij"]
[Black "J36225"]
[Result "1-0"]
[WhiteElo "2953"]
[BlackElo "2468"]
[TimeControl "180+1"]
[EndTime "10:05:46 PST"]
[Termination "GM_dmitrij won on time"]

1. c4 Nf6 2. Nc3 g6 3. g3 Bg7 4. Bg2 O-O 5. Nf3 d6 6. O-O c6 7. d4 Bf5 8. Ng5 h6 9. e4 Bg4 10. f3 hxg5 11. fxg4 Nh7 12. Be3 a5 13. Qd2 Na6 14. Rad1 e5 15. d5 c5 16. Nb5 f6 17.
h4 gxh4 18. gxh4 Nc7 19. Nc3 Qe7 20. Rf3 Rf7 21. Rdf1 Raf8 22. Bh3 g5 23. h5 Rb8 24. R1f2 Rff8 25. Bf1 Qd7 26. Rg2 Rf7 27. Bd3 Bh6 28.
Rff2 Rbf8 29. Bc2 Rb8 30. Ba4 Qe7 31. Ne2 b6 32. Ng3 Qd8 33. Nf5 Qf8 34. Bc6 Rc8 35. a3 Rb8 36. Qc3 1-0

[Event "*** Titled Tuesday Blitz"]
[Site "Chess.com"]
[Date "2020.12.29"]
[Round "1"]
[White "yobdc"]
[Black "jefferyx"]
[Result "0-1"]
[WhiteElo "2461"]
[BlackElo "2913"]
[TimeControl "180+1"]
[EndTime "10:05:47 PST"]
[Termination "jefferyx won on time"]

1. d4 Nf6 2. Nf3 d5 3. e3 g6 4. c4 Bg7 5. Nc3 O-O 6. Bd2 c5 7. dxc5 Na6 8. Rc1 Nxc5 9. cxd5 Nxd5 10. Nxd5 Qxd5 11. Bc4 Nd3+ 12. Bxd3 Qxd3 13. Bc3 Bxc3+ 14. Rxc3 Qa6 15. Ra3 Qb5 16. Qe2 Bd7 17. Qxb5 Bxb5 18. Nd4 Ba6 19. Rc3 Rfd8 20. f4 Rd5 21. Kf2 e5 22.
fxe5 Rxe5 23. Rhc1 Rae8 24. b4 b6 25. a4 Bb7 26. b5 Bd5 27. Nc6 Rg5 28. g3 Re4 29. Nxa7 Rxa4 30. Nc8 Be4 31. Nxb6 Ra2+ 0-1

[Event "*** Titled Tuesday Blitz"]
[Site "Chess.com"]
[Date "2020.12.29"]
[Round "1"]
[White "chessdjw"]
[Black "Saylormoon"]
[Result "1-0"]
[WhiteElo "2646"]
[BlackElo "2335"]
[TimeControl "180+1"]
[EndTime "10:05:49 PST"]
[Termination "chessdjw won by checkmate"]

1. d4 Nf6 2. Nf3 e6 3. c4 c5 4. g3 b6 5. d5 d6 6. Nc3 e5 7. Bg2 Be7 8. O-O O-O 9. e4 Nbd7 10. Ne1 Ne8 11. Nd3 Rb8 12. f4 Ba6 13. Qa4 Nc7 14.
Bh3 b5 15. cxb5 Bxb5 16. Nxb5 Nxb5 17. Bxd7 Qxd7 18. fxe5 dxe5 19. Nxe5 Qb7 20. Nc6 Nd4 21. Nxb8 Rxb8 22. Rf2 Bf6 23. Bf4 Re8 24. Qxe8# 1-0

[Event "*** Titled Tuesday Blitz"]
[Site "Chess.com"]
[Date "2020.12.29"]
[Round "1"]
[White "MumLookatMeNow"]
[Black "kinga2008"]
[Result "1-0"]
[WhiteElo "2518"]
[BlackElo "2169"]
[TimeControl "180+1"]
[EndTime "10:05:49 PST"]
[Termination "MumLookatMeNow won by resignation"]

1. e4 g6 2. d4 Bg7 3. Nf3 d6 4. Bc4 Nf6 5. Qe2 O-O 6. e5 dxe5 7. dxe5 Nd5 8. h3 Nc6 9. O-O e6 10. Re1 Qe7 11. Nbd2 Qc5 12. Ne4 Qb6 13. Bg5 Qxb2 14. Rab1 Qa3 15. Rb3 Qa4 16. Nf6+ Nxf6 17. exf6 Bh8 18.
Bb5 Qa5 19. Bxc6 bxc6 20. Ne5 Ba6 21. Qe3 Qd5 22. Ng4 Rfd8 23. Nh6+ Kf8 24. Qf4 Qd3 1-0

[Event "*** Titled Tuesday Blitz"]
[Site "Chess.com"]
[Date "2020.12.29"]
[Round "1"]
[White "Kretov_Evgenij"]
[Black "Schack-Hugo"]
[Result "1-0"]
[WhiteElo "2515"]
[BlackElo "2165"]
[TimeControl "180+1"]
[EndTime "10:05:49 PST"]
[Termination "Kretov_Evgenij won on time"]

1. d4 d5 2. c4 c6 3. Nc3 Nf6 4. e3 Bf5 5. cxd5 cxd5 6. Qb3 e6 7.
Nf3 Qb6 8. Bb5+ Nc6 9. Ne5 Bd6 10.
f4 O-O 11. O-O Bxe5 12. fxe5 Ne4 13. Nxe4 Bxe4 14. Bd2 a6 15. Be2 Qxb3 16. axb3 Rfc8 17. Rfc1 Ne7 18. Bb4 Rxc1+ 19. Rxc1 Rc8 20. Rc3 Nc6 21. Bd6 Na7 22. Kf2 Bc2 23. Rxc8+ Nxc8 24. b4 Nxd6 25. exd6 Kf8 26. b5 a5 27. b6 Ba4 28. Bd3 Ke8 29. h4 h6 30. e4 Kd7 31. e5 Kc6 32. g4 Kxb6 33. g5 1-0

[Event "*** Titled Tuesday Blitz"]
[Site "Chess.com"]
[Date "2020.12.29"]
[Round "1"]
[White "Triumphmate"]
[Black "kingofthenil"]
[Result "0-1"]
[WhiteElo "2397"]
[BlackElo "2740"]
[TimeControl "180+1"]
[EndTime "10:05:50 PST"]
[Termination "kingofthenil won by resignation"]

1. e4 Nc6 2. Nf3 d5 3. exd5 Qxd5 4. d4 Bg4 5. Be2 O-O-O 6. c3 e5 7. Be3 Nge7 8. O-O Nf5 9. Nbd2 exd4 10. cxd4 Nxe3 11. fxe3 Bd6 12. Qb3 Qxb3 13. Nxb3 Rhe8 14. Kf2 Nb4 15. Rfd1 Nc2 16. Rac1 Nxe3 17. Rd3 Nd5 18. Nc5 Nf4 19. Rd2 b6 20. Nb3 Bb4 21. Rdc2 Rxe2+ 22. Rxe2 Nxe2 23. Kxe2 a5 24. a3 Bd6 25. Nd2 Bxh2 26.
Rh1 Bf4 27. Rh4 Re8+ 28. Kf2 h5 29. Rh1 Bxd2 0-1

[Event "*** Titled Tuesday Blitz"]
[Site "Chess.com"]
[Date "2020.12.29"]
[Round "1"]
[White "stanyga"]
[Black "03revilo"]
[Result "1-0"]
[WhiteElo "2599"]
[BlackElo "2306"]
[TimeControl "180+1"]
[EndTime "10:05:50 PST"]
[Termination "stanyga won by resignation"]

1. d4 d5 2. c4 e6 3. Nc3 c6 4. e3 Bd6 5. Nf3 f5 6. Bd3 Nf6 7. O-O O-O 8. b3 Nbd7 9. Bb2 Ne4 10. Ne2 Rf6 11. Ne5 Rh6 12. f3 Qh4 13. h3 Ng5 14.
Qe1 Nxe5 15. dxe5 Bc5 16. Qxh4 Rxh4 17. Bd4 Bxd4 18. Nxd4 Bd7 19. f4 Ne4 20. Bxe4 fxe4 21. c5 b6 22. b4 b5 23. a4 1-0

[Event "*** Titled Tuesday Blitz"]
[Site "Chess.com"]
[Date "2020.12.29"]
[Round "1"]
[White "JakubPulpan"]
[Black "Kopytkin"]
[Result "1-0"]
[WhiteElo "2715"]
[BlackElo "2383"]
[TimeControl "180+1"]
[EndTime "10:05:53 PST"]
[Termination "JakubPulpan won on time"]

1. d4 Nf6 2. c4 g6 3. Nc3 Bg7 4. e4 d6 5. f3 O-O 6. Nge2 c5 7. d5 e6 8. Ng3 exd5 9. cxd5 a6 10. a4 Re8 11.
Be2 h5 12. O-O h4 13. Nh1 Nh5 14. Nf2 Bd4 15. Qd3 Ng3 16. Re1 Nd7 17. Be3 Ne5 18. Qd2 Nxe2+ 19. Qxe2 h3 20. g3 Qf6 21. f4 Bxe3 22. Qxe3 Ng4 23. Nxg4 Bxg4 24. e5 Qe7 25.
Qf2 Bf5 26. Ne4 Bxe4 27. Rxe4 Qd7 28. Rd1 b5 29. a5 b4 30. Qe2 Qb5 31. Qe3 Qxa5 32. e6 f5 33. Rc4 Qc7 34. g4 Qg7 35. Kh1 1-0

[Event "*** Titled Tuesday Blitz"]
[Site "Chess.com"]
[Date "2020.12.29"]
[Round "1"]
[White "Margency"]
[Black "Keures"]
[Result "1-0"]
[WhiteElo "2620"]
[BlackElo "2318"]
[TimeControl "180+1"]
[EndTime "10:05:53 PST"]
[Termination "Margency won by resignation"]

1. e4 e6 2. d4 d5 3. Nc3 Nf6 4. Bg5 Be7 5. e5 Ne4 6. Bxe7 Nxc3 7. bxc3 Qxe7 8. Nf3 b6 9. Bd3 Qa3 10. Qd2 Ba6 11.
O-O h6 12. Rfb1 Bxd3 13. cxd3 O-O 14. Rb3 Qa4 15. Qb2 c5 16. Re1 Nc6 17. Ra3 Qxa3 18. Qxa3 cxd4 19. cxd4 Na5 20. Rc1 Rfc8 21. h4 Rc6 22.
Rxc6 Nxc6 23. Qd6 Na5 24. Qc7 Kf8 25. g4 g6 26. h5 g5 27. Nh2 Kg7 28. Kg2 Kg8 29. Kg3 Kg7 30. f4 gxf4+ 31. Kxf4 Kg8 32. g5 hxg5+ 33. Kxg5 Kg7 34. Ng4 Rg8 35. Nh6 Rf8 36.
Qe7 Nc6 37. Qf6+ Kh7 38. Nxf7 Rg8+ 39. Kf4 Rg7 40. Ng5+ Kg8 41. Qxe6+ Kf8 42. Qxc6 1-0

[Event "*** Titled Tuesday Blitz"]
[Site "Chess.com"]
[Date "2020.12.29"]
[Round "1"]
[White "Enriquack"]
[Black "Alonmindlin"]
[Result "0-1"]
[WhiteElo "2363"]
[BlackElo "2697"]
[TimeControl "180+1"]
[EndTime "10:05:56 PST"]
[Termination "Alonmindlin won by resignation"]

1. e4 e5 2. f4 d5 3. exd5 exf4 4. Nf3 Nf6 5. Bb5+ Bd7 6. Bc4 b5 7. Bb3 a5 8. a4 bxa4 9. Bxa4 Nxd5 10. O-O Be7 11. Bb3 Nf6 12. d4 O-O 13. Bxf4 Nc6 14.
Nbd2 Bg4 15. c3 Nd5 16. Bxd5 Qxd5 17. Re1 Bd6 18. Bxd6 cxd6 19. Qa4 Rac8 20. Re3 Bd7 21. Qd1 Rfe8 22. Qe2 Rxe3 23. Qxe3 Re8 24. Qf2 Qb5 25. b3 Qd3 26. c4 Re2 27. Qg3 Rxd2 28. Qxd6 Rd1+ 29. Rxd1 Qxd1+ 30. Kf2 Qc2+ 31. Kg1 Be8 32. d5 Nb4 33. Qe7 Qc1+ 34. Kf2 Nd3+ 35. Ke2 Nf4+ 36. Kf2 Qc2+ 37. Ke3 Qe2+ 0-1

[Event "*** Titled Tuesday Blitz"]
[Site "Chess.com"]
[Date "2020.12.29"]
[Round "1"]
[White "Reshetkov"]
[Black "Europe03"]
[Result "0-1"]
[WhiteElo "2556"]
[BlackElo "2310"]
[TimeControl "180+1"]
[EndTime "10:05:56 PST"]
[Termination "Europe03 won by resignation"]

1. e4 e5 2. Nf3 Nc6 3. Bb5 a6 4. Bxc6 dxc6 5. O-O Qf6 6. d4 exd4 7. Qxd4 Qxd4 8. Nxd4 Bd7 9. Be3 O-O-O 10. Nd2 c5 11. Ne2 Nf6 12. f3 b6 13. Rad1 Bb5 14. Kf2 Bd6 15. c4 Bc6 16. Nc3 Be5 17. Nb3 a5 18. h3 Bxc3 19. bxc3 Bb7 20. Bg5 h6 21. Bxf6 gxf6 22.
Ke3 Ba6 23. Rxd8+ Kxd8 24. Nd2 Ke7 25. f4 h5 26. g3 Rg8 27. Rg1 Bc8 28. h4 Ba6 29.
Kf2 Ke6 30. a3 a4 31. Re1 c6 32. Re3 Rd8 33. Ke2 b5 34. Rd3 Rb8 35. Ke3 bxc4 36. f5+ Ke7 37. Nxc4 Bxc4 38. Rd2 Rb3 39. g4 hxg4 40.
h5 Bb5 41. h6 0-1

[Event "*** Titled Tuesday Blitz"]
[Site "Chess.com"]
[Date "2020.12.29"]
[Round "1"]
[White "chessablanca"]
[Black "ExcitingTrap"]
[Result "1-0"]
[WhiteElo "2617"]
[BlackElo "2315"]
[TimeControl "180+1"]
[EndTime "10:05:57 PST"]
[Termination "chessablanca won by resignation"]

1. Nf3 Nf6 2. g3 g6 3. b3 Bg7 4. Bb2 O-O 5. Bg2 d6 6. d4 c6 7.
O-O Qc7 8. c4 Nbd7 9. Nbd2 e5 10. Rc1 Re8 11. Re1 h6 12. e4 Nf8 13. c5 N6d7 14.
cxd6 Qxd6 15. Nc4 Qc7 16. dxe5 Nxe5 17. Nfxe5 Bxe5 18. Nxe5 Rxe5 19. Qd4 f6 20. f4 Re6 21. Bf1 Rd6 22. Qc3 Kh7 23. e5 fxe5 24. Qxe5 1-0

[Event "*** Titled Tuesday Blitz"]
[Site "Chess.com"]
[Date "2020.12.29"]
[Round "1"]
[White "GM_LOADING"]
[Black "Klavdia_Nik"]
[Result "1-0"]
[WhiteElo "2491"]
[BlackElo "2061"]
[TimeControl "180+1"]
[EndTime "10:05:57 PST"]
[Termination "GM_LOADING won by resignation"]

1. d4 Nf6 2. Nf3 c5 3. d5 d6 4.
Nc3 g6 5. e4 Bg7 6. Be2 O-O 7.
O-O Na6 8. Be3 Ng4 9. Bf4 Nc7 10.
a4 b6 11. Nd2 Nf6 12. Nc4 Ba6 13. Re1 Rb8 14. Qd2 Re8 15. Rad1 Bxc4 16. Bxc4 Nd7 17.
Nb5 Ne5 18. Bf1 Rb7 19. Bg3 Qa8 20. Nxc7 Rxc7 21. c3 a6 22. Ra1 Qb7 23. Ra2 Rb8 24.
Rea1 Nc4 25. Bxc4 1-0

[Event "*** Titled Tuesday Blitz"]
[Site "Chess.com"]
[Date "2020.12.29"]
[Round "1"]
[White "Koalaskakistis"]
[Black "anon132639"]
[Result "0-1"]
[WhiteElo "2388"]
[BlackElo "2727"]
[TimeControl "180+1"]
[EndTime "10:05:58 PST"]
[Termination "anon132639 won by resignation"]

1. e4 c5 2. Nf3 e6 3. c4 Nc6 4. Nc3 Nd4 5. g3 Ne7 6. Bg2 Nec6 7. O-O g6 8. d3 Bg7 9. Nxd4 Nxd4 10. Ne2 O-O 11. Nxd4 cxd4 12. f4 d6 13. f5 exf5 14.
exf5 Bxf5 15. Bxb7 Rb8 16. Bd5 h5 17. Rxf5 gxf5 18.
Qxh5 Qf6 19. Bg5 Qe5 20. Bf4 Qf6 21. Bg5 Qe5 22. Bf4 Qe7 23. Qxf5 Rxb2 24. Be4 Rfb8 25.
Qh7+ Kf8 26. Bh6 Qf6 27. Qh8+ Ke7 28. Bxg7 Qf2+ 29. Kh1 Rxh8 0-1

[Event "*** Titled Tuesday Blitz"]
[Site "Chess.com"]
[Date "2020.12.29"]
[Round "1"]
[White "SaraciNderim"]
[Black "kobemagic"]
[Result "1-0"]
[WhiteElo "2831"]
[BlackElo "2433"]
[TimeControl "180+1"]
[EndTime "10:06:00 PST"]
[Termination "SaraciNderim won on time"]

1. d4 Nf6 2. Nf3 c5 3. dxc5 Qa5+ 4. Nc3 Qxc5 5. g3 g6 6. Bg2 Bg7 7. O-O O-O 8. e4 d6 9. Be3 Qb4 10. a3 Qxb2 11. Bd4 Nc6 12. Ra2 Qxa2 13. Nxa2 Nxd4 14. Nxd4 Bd7 15. Qd2 a6 16. Nb4 Rac8 17. Rb1 Rc4 18. Nb3 Rc7 19. Nd5 Nxd5 20. exd5 Rfc8 21. Be4 Rc4 22.
Bd3 R4c7 23. Qe2 Ba4 24. Na5 1-0

[Event "*** Titled Tuesday Blitz"]
[Site "Chess.com"]
[Date "2020.12.29"]
[Round "1"]
[White "ChristopherYoo"]
[Black "Bacyanide"]
[Result "1-0"]
[WhiteElo "2884"]
[BlackElo "2450"]
[TimeControl "180+1"]
[EndTime "10:06:01 PST"]
[Termination "ChristopherYoo won by resignation"]

1. e4 c6 2. Nc3 d5 3. Qf3 dxe4 4. Nxe4 Nf6 5. Bc4 e6 6. Ne2 Nxe4 7. Qxe4 Nd7 8. d4 Nf6 9. Qh4 Be7 10. O-O O-O 11. Bd3 b6 12. Bg5 h6 13. Bxf6 Bxf6 14. Qe4 g6 15. Qxc6 Rb8 16. Qf3 Bb7 17. Be4 Ba6 18.
Rfd1 Kg7 19. Nf4 Qe7 20. c3 b5 21. a3 Bb7 22. Bxb7 Rxb7 23. Re1 Qd7 24. g3 a5 25.
Rad1 b4 26. axb4 axb4 27. c4 b3 28. Rd3 Rc8 29. c5 Rb4 30. d5 exd5 31. Nxd5 Qc6 32. Nxb4 Qxf3 33. Rxf3 Bxb2 34. Rxb3 Bd4 35. c6 1-0

[Event "*** Titled Tuesday Blitz"]
[Site "Chess.com"]
[Date "2020.12.29"]
[Round "1"]
[White "NovikovaGalina"]
[Black "Gulkov_Igor"]
[Result "0-1"]
[WhiteElo "2219"]
[BlackElo "2541"]
[TimeControl "180+1"]
[EndTime "10:06:03 PST"]
[Termination "Gulkov_Igor won on time"]

1. e4 c5 2. Nf3 d6 3. d4 cxd4 4. Nxd4 Nf6 5. Nc3 a6 6. h3 e6 7. g4 Nfd7 8. Bg2 b5 9. O-O Bb7 10. f4 b4 11. Nce2 Nc5 12. Ng3 Be7 13. Be3 O-O 14.
g5 Nbd7 15. h4 Re8 16. h5 Bf8 17. Qg4 g6 18. Rae1 e5 19. Nb3 exf4 20. Qxf4 Ne5 21. Bd4 Ne6 22. Qf6 Qxf6 23. gxf6 Rac8 24. Re2 a5 25. Rfe1 a4 26. Na5 Ba8 27. b3 Nxd4 0-1

[Event "*** Titled Tuesday Blitz"]
[Site "Chess.com"]
[Date "2020.12.29"]
[Round "1"]
[White "Hikaru"]
[Black "2nd_life"]
[Result "1-0"]
[WhiteElo "3257"]
[BlackElo "2478"]
[TimeControl "180+1"]
[EndTime "10:06:04 PST"]
[Termination "Hikaru won by resignation"]

1. Nf3 Nf6 2. b3 g6 3. Bb2 Bg7 4. d4 c5 5. dxc5 Na6 6. e4 Qa5+ 7. Qd2 Qxd2+ 8. Nbxd2 Nxc5 9. e5 Nd5 10. O-O-O b6 11. g3 Bb7 12. Bg2 Nb4 13. Kb1 Ne6 14.
a3 Na6 15. Nh4 O-O-O 16. Nc4 Nac5 17. f4 b5 18. Na5 Bxg2 19. Nxg2 Kc7 20. Ne3 Kb6 21.
b4 Nc7 22. Bd4 d6 23. Nb3 Ne6 24. Nd5+ Kc6 25. Nxe7+ Kd7 26. bxc5 Kxe7 27. cxd6+ Kd7 28. Bxa7 Ra8 29. Bc5 Nxc5 30. Nxc5+ Kc6 31. Nb3 Rxa3 32. d7 Rd8 33. Rd6+ Kc7 34. Rhd1 Bf8 35. Rf6 Rxd7 36. Rxd7+ Kxd7 37. Rxf7+ Be7 38. Rxh7 Ke6 39. Nd4+ Kd5 40.
Nxb5 1-0

[Event "*** Titled Tuesday Blitz"]
[Site "Chess.com"]
[Date "2020.12.29"]
[Round "1"]
[White "area_5"]
[Black "ARMQUEEN"]
[Result "1-0"]
[WhiteElo "2786"]
[BlackElo "2412"]
[TimeControl "180+1"]
[EndTime "10:06:04 PST"]
[Termination "area_5 won by resignation"]

1. c4 c5 2. Nc3 Nc6 3. Nf3 Nf6 4. g3 g6 5. Bg2 Bg7 6. O-O O-O 7. d3 d6 8. a3 a5 9. Rb1 e5 10. Ne1 Be6 11.
Nc2 d5 12. cxd5 Nxd5 13. Bd2 Nxc3 14. Bxc3 Bd5 15. b4 Bxg2 16. Kxg2 axb4 17. axb4 cxb4 18. Nxb4 Nxb4 19. Rxb4 Qd5+ 20. Kg1 Rfc8 21. Qb3 Qxb3 22. Rxb3 Ra2 23. Re1 Rc2 24. Bb2 R8c7 25. Kf1 f5 26. Rb1 Rd2 27. Bc3 Rc2 28. Ba5 Rc1+ 29. Rxc1 Rxc1+ 30. Kg2 Rc5 31. Bb6 Rc2 32. e4 fxe4 33.
dxe4 Bf8 34. Rb5 Bd6 35. Ba7 Rc7 36. Bb8 Rd7 37. Bxd6 Rxd6 38. Rxe5 Rd4 39. Kf3 Rb4 40. Re7 Rb3+ 41. Kf4 b5 42. h4 b4 43. Rb7 Rb2 44.
f3 b3 45. Kg5 Rb1 46. Kf6 h5 47. Kxg6 Kf8 48. Kxh5 Ke8 49. Kg6 Kd8 50. h5 Kc8 51. Rb4 Kc7 52. h6 Kc6 53. h7 Kc5 54. Rxb3 Rxb3 55.
h8=Q 1-0

[Event "*** Titled Tuesday Blitz"]
[Site "Chess.com"]
[Date "2020.12.29"]
[Round "1"]
[White "esapunov"]
[Black "eightbyeightchess"]
[Result "1-0"]
[WhiteElo "2721"]
[BlackElo "2385"]
[TimeControl "180+1"]
[EndTime "10:06:04 PST"]
[Termination "esapunov won by resignation"]

1. c4 e5 2. Nf3 Nc6 3. Nc3 Nf6 4. e3 g6 5. a3 a5 6. Qc2 Bg7 7. Be2 O-O 8. O-O d6 9. d3 Ne8 10. Rb1 f5 11. b4 axb4 12. axb4 f4 13. b5 Ne7 14. e4 Kh8 15. h3 Ng8 16. Bb2 g5 17.
Nh2 Nef6 18. Ra1 Rxa1 19. Rxa1 Be6 20. Qd1 Ne7 21. Nd5 Ng6 22. Ra7 Qc8 23. Ng4 Nxg4 24. Bxg4 c6 25. bxc6 bxc6 26. Rc7 Bxg4 27. hxg4 Qb8 28. Rxc6 Qxb2 29. Rxd6 f3 30. g3 Ra8 31. Rb6 Ra1 32. Rxb2 Rxd1+ 33. Kh2 Rxd3 34. c5 Ra3 35. c6 Ra8 36. c7 Rc8 37. Rb8 Ne7 38.
Nxe7 1-0

[Event "*** Titled Tuesday Blitz"]
[Site "Chess.com"]
[Date "2020.12.29"]
[Round "1"]
[White "Ural_bogatyr"]
[Black "joppie2"]
[Result "0-1"]
[WhiteElo "2448"]
[BlackElo "2880"]
[TimeControl "180+1"]
[EndTime "10:06:05 PST"]
[Termination "joppie2 won by resignation"]

1. e4 c5 2. Nf3 e6 3. c3 d5 4. exd5 Qxd5 5. d4 Nf6 6. Be2 Nc6 7. O-O Be7 8. Be3 cxd4 9. cxd4 O-O 10. Nc3 Qd6 11. a3 b6 12. b4 Bb7 13. Qb3 Rfd8 14. Rfd1 Bf8 15. h3 Ne7 16. Ne5 Nf5 17. Rac1 Rac8 18.
Bf3 Bxf3 19. Nxf3 Nxe3 20. fxe3 g6 21. e4 Qf4 22. Re1 Bh6 23. e5 Nh5 24. Rcd1 Ng7 25.
d5 Qc4 26. Qxc4 Rxc4 27. Ne4 exd5 28. Nf6+ Kf8 29. Nxd5 Ne6 30. a4 Kg7 31. Re2 Nf4 32. Ra2 Rxd5 33. Rxd5 Nxd5 34. a5 Nxb4 35. axb6 Nxa2 0-1

[Event "*** Titled Tuesday Blitz"]
[Site "Chess.com"]
[Date "2020.12.29"]
[Round "1"]
[White "Matols"]
[Black "AIROPITO7"]
[Result "0-1"]
[WhiteElo "2274"]
[BlackElo "2570"]
[TimeControl "180+1"]
[EndTime "10:06:05 PST"]
[Termination "AIROPITO7 won by resignation"]

1. d4 Nf6 2. c4 g6 3. Nf3 Bg7 4. g3 O-O 5. Bg2 d6 6. O-O Nbd7 7. Nc3 e5 8. e4 exd4 9. Nxd4 Re8 10. h3 Rb8 11. Be3 a6 12. Qc2 Ne5 13.
b3 c5 14. Nde2 b5 15. cxb5 axb5 16. Rad1 b4 17. Na4 Qc7 18. Nb2 Bb7 19. f4 Ned7 20.
e5 dxe5 21. f5 Bxg2 22. Kxg2 Nd5 23. Rxd5 Qb7 24. Rd1 Nf6 25. Qxc5 Rbd8 26. fxg6 hxg6 27. Bg5 Rxd5 28. Rxd5 Qxd5+ 29. Qxd5 Nxd5 30. Nc4 Ra8 31. Kf3 Rxa2 32. Bd2 f5 33. Nc1 e4+ 34. Ke2 Nc3+ 35. Ke1 Ra1 36. Ne3 Bh6 37. g4 f4 38. Nc4 e3 39.
Bxc3 Rxc1+ 0-1

[Event "*** Titled Tuesday Blitz"]
[Site "Chess.com"]
[Date "2020.12.29"]
[Round "1"]
[White "chegueps"]
[Black "crescentmoon2411"]
[Result "0-1"]
[WhiteElo "2449"]
[BlackElo "2882"]
[TimeControl "180+1"]
[EndTime "10:06:07 PST"]
[Termination "crescentmoon2411 won by checkmate"]

1. d4 Nf6 2. Nf3 c5 3. e3 g6 4. Bd3 Bg7 5. O-O O-O 6. Nbd2 b6 7. c3 Bb7 8. e4 d6 9. Qe2 Nc6 10. a3 cxd4 11. cxd4 Rc8 12. b4 Nh5 13. Qe3 e5 14.
d5 Nd4 15. Nxd4 exd4 16. Qf3 Qf6 17. Qxf6 Bxf6 18. Rd1 Nf4 19. Bf1 d3 20. Rb1 Rc2 21.
g3 Ne2+ 22. Bxe2 dxe2 23. Re1 Rfc8 24. Kg2 h5 25. b5 a6 26. a4 axb5 27. axb5 g5 28.
Nf3 g4 29. Nd2 R8c5 30. h3 Bc8 31. hxg4 hxg4 32. f3 Bd7 33. Kf2 Bxb5 34. Nb3 R5c3 35. Be3 gxf3 36. Nd2 Rxe3 37. Kxe3 Rc3+ 38. Kf2 Bd4# 0-1

[Event "*** Titled Tuesday Blitz"]
[Site "Chess.com"]
[Date "2020.12.29"]
[Round "1"]
[White "GregShahade"]
[Black "CM_rui"]
[Result "1-0"]
[WhiteElo "2682"]
[BlackElo "2354"]
[TimeControl "180+1"]
[EndTime "10:06:07 PST"]
[Termination "GregShahade won by resignation"]

1. e4 e5 2. Nf3 Nc6 3. Bb5 a6 4. Ba4 Nf6 5. O-O Be7 6. Re1 b5 7. Bb3 O-O 8. a4 b4 9. d4 exd4 10. Nxd4 Nxd4 11. Qxd4 d6 12. Bg5 a5 13. Nd2 Bb7 14. Rad1 Nd7 15. Bxe7 Qxe7 16. Bd5 Bxd5 17. exd5 Qf6 18. Nb3 Ne5 19. f4 Nd7 20. Qxf6 Nxf6 21.
Re7 Rfe8 22. Rxc7 Re2 23. Nd4 Nxd5 24. Nxe2 Nxc7 25. Rxd6 Ne6 26. f5 Nc5 27. b3 h6 28.
Rc6 Ne4 29. Rc4 Nd6 30. Rc5 Ne4 31. Re5 Nd6 32. Nd4 Kf8 33. Kf2 g6 34. fxg6 fxg6 35. Re6 Nf5 36. Nxf5 gxf5 37. Rxh6 Rc8 38. Rh8+ 1-0

[Event "*** Titled Tuesday Blitz"]
[Site "Chess.com"]
[Date "2020.12.29"]
[Round "1"]
[White "Maksimus1998"]
[Black "Aslanov_Umid"]
[Result "1-0"]
[WhiteElo "2552"]
[BlackElo "2243"]
[TimeControl "180+1"]
[EndTime "10:06:08 PST"]
[Termination "Maksimus1998 won on time"]

1. e4 c5 2. Nf3 d6 3. d4 cxd4 4. Nxd4 Nf6 5. Nc3 a6 6. g3 e6 7. Bg2 Be7 8. O-O O-O 9. Be3 Qc7 10. a4 Nc6 11. h3 Nxd4 12. Qxd4 Bd7 13. a5 Bc6 14.
Rfd1 Rac8 15. Qd3 Nd7 16. Qe2 Bf6 17. Bd4 Bxd4 18. Rxd4 Rfd8 19. b4 Nf6 20. Rad1 e5 21. R4d2 Be8 22. Nd5 Nxd5 23. Rxd5 Bb5 24. Qd2 Qxc2 25.
Qxc2 Rxc2 26. Rxe5 Kf8 27. Red5 Ke7 28. e5 1-0

[Event "*** Titled Tuesday Blitz"]
[Site "Chess.com"]
[Date "2020.12.29"]
[Round "1"]
[White "Rakesh"]
[Black "viktorko131"]
[Result "0-1"]
[WhiteElo "2482"]
[BlackElo "2097"]
[TimeControl "180+1"]
[EndTime "10:06:08 PST"]
[Termination "viktorko131 won by resignation"]

1. e4 c5 2. c3 Nf6 3. e5 Nd5 4. d4 cxd4 5. Nf3 Nc6 6. cxd4 e6 7. Bc4 d6 8. O-O Be7 9. Qe2 O-O 10. Nc3 Nxc3 11.
bxc3 dxe5 12. dxe5 b6 13. Bd3 g6 14. Bh6 Re8 15. Rad1 Qc7 16. Rfe1 Bb7 17. h4 Bf8 18. Bxf8 Rxf8 19. h5 Rfd8 20. hxg6 hxg6 21. Ng5 Kg7 22.
Qe3 Rh8 23. Qf4 Qe7 24. Re3 Rh5 25. Rg3 Rah8 26. Kf1 Rh4 27. Ke2 Rxf4 28. Nxe6+ Qxe6 29. Bxg6 fxg6 30. Rd6 Qxe5+ 31. Kf1 Qxd6 0-1

[Event "*** Titled Tuesday Blitz"]
[Site "Chess.com"]
[Date "2020.12.29"]
[Round "1"]
[White "Tagliata"]
[Black "Siniauski"]
[Result "0-1"]
[WhiteElo "2308"]
[BlackElo "2604"]
[TimeControl "180+1"]
[EndTime "10:06:09 PST"]
[Termination "Siniauski won by resignation"]

1. e4 e6 2. Nc3 d5 3. d4 Nf6 4. exd5 exd5 5. h3 Nc6 6. a3 Be7 7. Nf3 O-O 8. Bd3 Be6 9. O-O Qd7 10. Re1 Bf5 11. Bf4 Bxd3 12. Qxd3 Rfe8 13. Re2 Bd6 14. Bxd6 Qxd6 15. Rae1 Rxe2 16. Rxe2 g6 17. Ne5 Re8 18. f4 Ne7 19. Qb5 b6 20. Qd3 Nf5 21. Nb5 Qd8 22. Nxa7 c5 23. Nb5 Ne4 24. c3 f6 25. Nf3 c4 26. Qc2 Qb8 27. Qc1 Neg3 28. Rxe8+ Qxe8 29. Kh2 Qxb5 30. Qe1 Kf7 31. Qf2 Qe8 32. Qc2 Qe2 33. Qa4 Nf1+ 34. Kg1 N1e3 35. Qd7+ Ne7 36. Nh4 Qf1+ 37. Kh2 Qxf4+ 0-1